 Dungeon Crawl Stone Soup version 0.19-a0-659-g8260ecf (webtiles) character file.

515 HAL9000 the Slasher (level 7, -1/51 HPs)
             Began as a Hill Orc Chaos Knight on June 15, 2016.
             Slain by a quasit (2 damage)
             ... summoned by the capriciousness of Xom
             ... on level 4 of the Dungeon.
             The game lasted 00:09:39 (3766 turns).

HAL9000 the Slasher (Hill Orc Chaos Knight)         Turns: 3766, Time: 00:09:39

Health: -1/51      AC:  6    Str: 17      XL:     7   Next: 20%
Magic:  16/16      EV: 11    Int: 14 (15) God:    Xom [......]
Gold:   98         SH:  0    Dex:  6 (10) Spells: 0 memorised, 6 levels left

rFire  . . .     SeeInvis .     a - +1 falchion (chaos)
rCold  . . .     Gourm    .     b - +2 leather armour
rNeg   . . .     Faith    .     (no shield)
rPois  .         Spirit   .     g - +2 hat {Int+3}
rElec  .         Dismiss  .     (no cloak)
rCorr  .         Reflect  .     (no gloves)
SustAt .         Harm     .     (no boots)
MR     .....                    (no amulet)
Stlth  +.........               (no ring)
                                q - ring of magical power

@: very slightly contaminated, heavily drained, not resistant to hostile
enchantments, very unstealthy
A: deformed body, deterioration 2, frail 1
a: Renounce Religion


You were on level 4 of the Dungeon.
You worshipped Xom.
You were a very special plaything of Xom.
You were hungry.

You visited 1 branch of the dungeon, and saw 4 of its levels.

You collected 98 gold pieces.

Inventory:

Hand Weapons
 a - a +1 falchion of chaos (weapon)
Armour
 b - a +2 leather armour (worn)
 g - a +2 hat of intelligence (worn)
Jewellery
 q - a ring of magical power (left hand)
Scrolls
 i - a scroll of recharging
 j - 2 scrolls of amnesia
 x - a scroll of magic mapping
 B - a scroll of identify
Potions
 h - a potion of flight
 v - a potion of brilliance
 A - 2 potions of resistance
Comestibles
 c - 4 bread rations
 d - a slice of pizza
 f - 5 meat rations
 p - a beef jerky


   Skills:
 - Level 3.6(2.3) Fighting
 + Level 6.6(5.2) Long Blades
 + Level 6.0(4.6) Armour
 - Level 0.7(0.0) Dodging


You had 6 spell levels left.
You didn't know any spells.

Dungeon Overview and Level Annotations

Branches:
Dungeon (4/15)
 Temple: D:4-7

Altars:
Pakellas
Sif Muna

Annotations:
D:4 Robin; tstbtto's ghost, novice CeBe


Innate Abilities, Weirdness & Mutations

Armour fits poorly on your strangely shaped body.
Your body often deteriorates upon taking damage.
You are frail. (-10% HP)


Message History

The quasit claws you but does no damage.
You hit the worker ant. You burn the worker ant.
You kill the worker ant!
Your base Armour skill increases to level 6!
The quasit closely misses you. x2
The quasit claws you but does no damage.
You closely miss the quasit.
The quasit is heavily wounded.
The quasit barely misses you. The quasit misses you.
The quasit closely misses you. The quasit bites you.
* * * LOW HITPOINT WARNING * * *
The quasit claws you but does no damage.
The quasit misses you.
You barely miss the quasit.
The quasit is heavily wounded.
The quasit closely misses you.
The quasit claws you but does no damage.
The quasit claws you.
You die... "What!?
That's it?"

#### ...# ##.###
.....######
.......(..#####
.....a###.....###########
......# #......#........#
..>...###.###..#5######.#
###.#.....###..#@# #.#
#.####.a.....#.# #.# ##.#
#.#####.#.# #.#
##...###.### #.#.#
#.######### #..........#
#...# #........#.
.......###.#######
########.#.
........##a.....# #.#.
....$..###.##.#.#
########... #..........#
# #.....)...#


You could see a quasit.

Vanquished Creatures
  Grinder (D:3)
  A swamp drake (D:3)
  A worker ant (D:4)
  3 gnolls (D:2)
  8 adders
  An ooze (D:1)
  2 worms
  6 dart slugs
  5 giant geckos
  4 orcs
  5 bats
  3 giant cockroaches
  10 goblins
  8 hobgoblins
  A jackal (D:4)
  A quokka (D:2)
  2 ball pythons
  4 giant newts
  3 kobolds
  5 rats
74 creatures vanquished.

Vanquished Creatures (collateral kills)
  A gnoll (D:2)
1 creature vanquished.

Vanquished Creatures (others)
  A worm (D:3)
1 creature vanquished.

Grand Total: 76 creatures vanquished

Notes
Turn   | Place    | Note
--------------------------------------------------------------
     0 | D:1      | HAL9000 the Hill Orc Chaos Knight began the quest for the Orb.
     0 | D:1      | Reached XP level 1. HP: 19/19 MP: 1/1
   171 | D:1      | Reached XP level 2. HP: 22/26 MP: 2/2
   550 | D:1      | Reached XP level 3. HP: 31/31 MP: 3/3
   994 | D:2      | XOM: harmless Tloc miscast
  1011 | D:2      | Reached XP level 4. HP: 36/39 MP: 4/4
  1017 | D:2      | Found an oddly glowing altar of Pakellas.
  1039 | D:2      | Found a deep blue altar of Sif Muna.
  1098 | D:2      | XOM: divination: magic mapping
  1530 | D:2      | XOM: divination: detect items
  1546 | D:2      | XOM: god gift: 3 meat rations {god gift}
  1561 | D:2      | XOM: divination: detect items
  1570 | D:2      | XOM: summons friendly chaos spawn
  1571 | D:2      | Reached XP level 5. HP: 5/45 MP: 5/5
  1687 | D:1      | XOM: god gift: twisted glowing staff {god gift}
  1867 | D:2      | Reached skill level 5 in Long Blades
  2019 | D:2      | Found a faded altar of an unknown god.
  2300 | D:2      | XOM: stat loss: -1 Str (15/16)
  2479 | D:3      | Noticed Natasha
  2605 | D:3      | Noticed Natasha
  2605 | D:3      | Natasha changed into Natasha the swamp drake
  2605 | D:3      | XOM: polymorph Natasha -> Natasha the swamp drake
  2608 | D:3      | Killed Natasha the swamp drake
  2608 | D:3      | Reached XP level 6. HP: 27/51 MP: 6/6
  2835 | D:3      | Noticed Grinder
  2855 | D:3      | Killed Grinder
  2855 | D:3      | Reached skill level 5 in Armour
  3155 | D:3      | Reached XP level 7. HP: 50/57 MP: 7/7
  3206 | D:3      | XOM: give mutations
  3206 | D:3      | Gained mutation: Your body sometimes deteriorates upon taking damage. [Xom's mischief]
  3206 | D:3      | Gained mutation: Your body often deteriorates upon taking damage. [Xom's mischief]
  3206 | D:3      | Gained mutation: Armour fits poorly on your strangely shaped body. [Xom's mischief]
  3206 | D:3      | Gained mutation: You are frail. (-10% HP) [Xom's mischief]
  3633 | D:4      | Noticed tstbtto's ghost (novice CeBe)
  3665 | D:4      | Noticed Robin
  3705 | D:4      | HP: 1/51 [Robin/spear (2)]
  3754 | D:4      | XOM: mild Summ miscast
  3760 | D:4      | HP: 2/51 [quasit[the capriciousness of Xom] (2)]
  3765 | D:4      | HP: 1/51 [quasit[the capriciousness of Xom] (1)]
  3766 | D:4      | Slain by a quasit

Vault maps used:
D:1:      dpeg_arrival_round_c, moated_statue, minivault_14
D:2:      led_sif_pool, ecumenical_altar_1, first_bread, grunt_pakellas_basics
D:3:      uniq_grinder, uniq_natasha
D:4:      vehumet_statue, nicolae_overflow_hidden_temple, temple_fountains,
          lemuel_statue_altar, uniq_robin

Skill      XL: |  1  2  3  4  5  6  7 |
---------------+----------------------+-----
Armour         | 3 4 5 6 |  6.0
Long Blades    | 4 5 6 |  6.6
Fighting       | |  3.6
Dodging        | |  0.7

Action                   |  1- 3 |  4- 6 |  7- 9 || total
-------------------------+-------+-------+-------++-------
Melee: Falchion          |    81 |   136 |   112 ||   329
  Use: Scroll            |       |     9 |     4 ||    13
       Potion            |       |     1 |     5 ||     6
 Stab: Confused          |     1 |       |       ||     1
       Petrifying        |       |     2 |       ||     2
       Sleeping          |       |     1 |       ||     1
       Paralysed         |       |     2 |       ||     2
  Eat: Chunk             |       |     5 |     2 ||     7
       Fruit             |       |     2 |       ||     2
Armor: Leather armour    |    45 |    77 |    42 ||   164
       Skin              |       |       |    38 ||    38
Dodge: Dodged            |    43 |    94 |    80 ||   217
